 Dungeon Crawl Stone Soup version 0.29.1-2-gbd0b4ee654 (webtiles) character file.

Game seed: 3697182680544324157

3859 raph the Arsonist (level 9, 0/48 HPs)
             Began as a Deep Elf Fire Elementalist on Nov 20, 2022.
             Was a Follower of Sif Muna.
             Slain by a hornet (13 damage)
             ... on level 8 of the Dungeon.
             The game lasted 00:18:48 (14959 turns).

raph the Arsonist (Deep Elf Fire Elementalist)     Turns: 14959, Time: 00:18:49

Health: 0/48       AC:  7    Str:  5    XL:     9   Next: 99%
Magic:  1/24       EV: 14    Int: 25    God:    Sif Muna [*.....]
Gold:   132        SH:  0    Dex: 15    Spells: 10/26 levels left

rFire   . . .      SeeInvis .   y - +10 flail of the Valley of Death {flame, rC+}
rCold   + . .      Faith    .   (no shield)
rNeg    . . .      Spirit   .   F - +0 steam dragon scales
rPois   .          Reflect  .   B - +0 helmet
rElec   .          Harm     .   u - +0 cloak {Will+}
rCorr   +          Rampage  .   (no gloves)
Will    +....                   (no boots)
Stlth   ++........              (no amulet)
HPRegen 0.16/turn               o - +4 ring of slaying
MPRegen 0.19/turn               H - ring of resist corrosion

@: lethally poisoned (0 -> -3), slowed, very slow
A: no striking features
a: Renounce Religion, Channel Magic


You were on level 8 of the Dungeon.
You worshipped Sif Muna.
Sif Muna was aware of your devotion.
You visited 2 branches of the dungeon, and saw 9 of its levels.
You also visited: Sewer.

You collected 425 gold pieces.
You spent 293 gold pieces at shops.

Inventory:

Hand Weapons
 f - a +0 dagger
 p - a +0 dagger of venom
 t - a +0 shortbow
 y - the +10 flail of the Valley of Death (weapon) {flame, rC+}
   (You took it off an orc wizard on level 4 of the Dungeon)

   It burns those it strikes, dealing additional fire damage.
   rC:        It protects you from cold.
 A - a +5 dagger
Missiles
 z - a throwing net
 J - a curare-tipped dart
Armour
 u - a +0 cloak of willpower (worn)
 B - a +0 helmet (worn)
 F - +0 steam dragon scales (worn)
Magical Staves
 i - a staff of cold
Jewellery
 o - a +4 ring of slaying (left hand)
 r - a +6 ring of intelligence
 G - a +6 ring of strength
 H - a ring of resist corrosion (right hand)
Wands
 x - a wand of roots (3)
 C - a wand of digging (7)
 D - a wand of acid (11)
Scrolls
 a - a scroll of fear
 m - a scroll of fog
 q - a scroll of silence
 v - 4 scrolls of teleportation
Potions
 b - 3 potions of magic
 c - 3 potions of mutation
 d - 2 potions of curing
 e - 3 potions of flight
 g - 3 potions of invisibility
 h - a potion of berserk rage
 j - 3 potions of heal wounds
 k - 3 potions of attraction
 l - 2 potions of cancellation
 n - 2 potions of resistance
 s - a potion of lignification {unknown}
 w - a potion of haste
 E - a potion of brilliance


   Skills:
 + Level 2.1 Fighting
 + Level 4.4 Dodging
 - Level 2.4 Stealth
 + Level 9.1 Spellcasting
 + Level 7.1 Conjurations
 * Level 2.9 Summonings
 - Level 10.9 Fire Magic
 + Level 1.5 Invocations


You had 10 spell levels left.
You knew the following spells:

 Your Spells              Type           Power      Damage    Failure   Level
a - Foxfire               Conj/Fire      100%       2x1d9     1%          1
b - Scorch                Fire           100%       2d10      1%          2
c - Inner Flame           Hex/Fire       38%        N/A       1%          3
d - Conjure Flame         Conj/Fire      54%        6-21      1%          3
e - Flame Wave            Conj/Fire      54%        2d13      1%          4
f - Summon Guardian Gole  Hex/Summ       18%        N/A       9%          3

Your spell library contained the following spells:

 Spells                   Type           Power      Damage    Failure   Level
 Beastly Appendage        Tmut           22%        N/A       5%          1
 Sublimation of Blood     Necr           11%        N/A       9%          2
 Wereblood                Tmut           11%        N/A       9%          2
 Spider Form              Tmut/Pois      11%        N/A       16%         3
 Orb of Destruction       Conj           23%        9d8       94%         7
 Spellforged Servitor     Conj/Summ      18%        N/A       99%         7
 Summon Hydra             Summ           13%        N/A       100%        7


Dungeon Overview and Level Annotations

Branches:
Dungeon (8/15)             Temple (1/1) D:6           Sewer (visited)
   Lair: D:8-11

Altars:
Ashenzari
Cheibriados
Dithmenos
Fedhas
Gozag
Hepliaklqana
Kikubaaqudgha
Makhleb
Nemelex Xobeh
Okawaru
Qazlal
Ru
Sif Muna
Trog
Vehumet
Wu Jian
Yredelemnul
Zin
The Shining One

Shops:
D:1 **

Annotations:
D:5 exclusion: 2 doors


Message History

The hornet is heavily wounded.
You finish channelling waves of flame.
The hornet misses you. The hornet stings you.
You feel as though you will be slow longer.
Casting: Flame Wave (dangerous; 1% risk of failure)
Confirm with . or Enter, or press ? or * to list all spells.
You don't have enough magic to cast this spell.
Casting: Flame Wave (dangerous; 1% risk of failure)
Confirm with . or Enter, or press ? or * to list all spells.
You don't have enough magic to cast this spell.
Casting: Flame Wave (dangerous; 1% risk of failure)
Confirm with . or Enter, or press ? or * to list all spells.
You conjure some foxfire!
The hornet stings you but does no damage.
The hornet stings you.
You suddenly lose the ability to move!
An orc comes into view. It is wielding a +0 hand axe.
The hornet stings you!
You are poisoned.
You feel as though you will be slow longer.
You feel very sick.
The hornet stings you but does no damage.
You feel very sick.
The hornet stings you but does no damage. x2
You can move again.
Unknown command.
Your foxfire dissipates!
You feel sick.
The foxfire hits the hornet.
The hornet is heavily wounded.
The hornet stings you.
You feel as though you will be slow longer.
Okay, then.
Aiming: Corrosive Bolt
Press: ? - help, Shift-Dir - straight line, f - orc
Aim: an orc, wielding a +0 hand axe (71% to hit)
The bolt of acid misses the hornet.
The bolt of acid hits the orc!
The acid corrodes the orc!
You kill the orc!
Sif Muna accepts your kill.
You feel sick. The hornet misses you. The hornet stings you!
You die...

.....##.# ..##.##.#
...#.##.#######
..............#####
.###.....###^.....#
## ##.##.# #..###.#
# #.##.# #..# #.# #
#.##.# #..###.# .
.###.# #....@§# . .
#.# #.####y# .. ..#
#.####)# ## ###
#...)..# # ###.##.#
. #.§#.# #..))#
#..#.# o...h..##.#


You could see a hornet.

Vanquished Creatures
  Joseph (D:7)
  Maggie (D:6)
  A warg (D:8)
  Edmund (D:4)
  2 water moccasins (D:7)
  4 black bears
  Pargi (Sewer)
  2 orc warriors
  2 sky beasts (D:7)
  2 ogres
  2 ice beasts
  2 centaurs
  A phantom (D:6)
  2 kobold brigands
  2 bullfrogs (D:7)
  2 necrophages (D:4)
  2 scorpions (D:5)
  An electric eel (D:5)
  2 hounds
  3 jellies
  2 gnoll boudas
  2 orc priests
  6 iguanas
  3 orc wizards
  A howler monkey zombie (D:4)
  11 gnolls
  10 adders
  2 shadow imps
  2 ufetubi
  An adder zombie (D:4)
  2 worms
  A dart slug (D:5)
  16 orcs
  9 endoplasms
  5 giant cockroaches
  18 goblins
  10 hobgoblins
  3 jackals (D:4)
  3 quokkas
  5 ball pythons
  3 bats (D:1)
  5 frilled lizards
  11 kobolds
  5 rats
172 creatures vanquished.

Vanquished Creatures (collateral kills)
  A foxfire (D:2)
1 creature vanquished.

Vanquished Creatures (others)
  517 foxfires
  A fungus (D:2)
  5 plants (D:2)
523 creatures vanquished.

Grand Total: 696 creatures vanquished

Notes
Turn   | Place    | Note
-------+----------+-------------------------------------------
     0 | D:1      | raph the Deep Elf Fire Elementalist began the quest for the
                  | Orb.
     0 | D:1      | Reached XP level 1. HP: 10/10 MP: 6/6
   288 | D:1      | Found Yzeelius's Assorted Antiques.
   445 | D:1      | Found Jyos's General Store.
   460 | D:1      | Reached skill level 4 in Fire Magic
   460 | D:1      | Reached XP level 2. HP: 14/15 MP: 1/8
   527 | D:1      | Learned a level 2 spell: Scorch
   529 | D:1      | Bought a scroll of identify for 20 gold pieces
  1180 | D:2      | Reached XP level 3. HP: 19/19 MP: 4/9
  1239 | D:2      | Learned a level 3 spell: Inner Flame
  1251 | D:2      | Found a faded altar of an unknown god.
  2085 | D:2      | Reached skill level 5 in Fire Magic
  2673 | D:2      | Reached XP level 4. HP: 24/24 MP: 6/11
  3035 | D:3      | Learned a level 3 spell: Conjure Flame
  3327 | D:3      | Noticed a centaur
  3334 | D:3      | Killed a centaur
  3335 | D:3      | Reached XP level 5. HP: 13/28 MP: 3/13
  4044 | D:3      | Found a blossoming altar of Fedhas.
  4314 | D:1      | Bought a +0 cloak of willpower for 115 gold pieces
  4314 | D:1      | Bought a scroll of teleportation for 30 gold pieces
  4490 | D:4      | Noticed a black bear
  4497 | D:4      | Killed a black bear
  4498 | D:4      | Reached skill level 6 in Fire Magic
  4498 | D:4      | Reached XP level 6. HP: 32/32 MP: 6/14
  5020 | D:4      | Noticed Edmund
  5028 | D:4      | Killed Edmund
  5267 | D:4      | Reached skill level 5 in Spellcasting
  5372 | D:4      | Reached skill level 7 in Fire Magic
  5476 | D:4      | Learned a level 4 spell: Flame Wave
  5571 | D:4      | Reached XP level 7. HP: 36/36 MP: 2/16
  5903 | D:4      | Found a basalt altar of Yredelemnul.
  6208 | D:4      | Identified the +10 flail of the Valley of Death {flame,
                  | rC+}
  7015 | D:4      | Found a stormy altar of Qazlal.
  7015 | D:4      | Found a burning altar of Makhleb.
  7159 | D:5      | Entered Level 5 of the Dungeon
  7756 | D:5      | Reached skill level 8 in Fire Magic
  8014 | D:5      | Noticed a wraith
  8337 | D:5      | Reached XP level 8. HP: 30/41 MP: 5/19
  8998 | D:5      | HP: 2/41 [electric eel/bolt of electricity (13)]
  9000 | D:5      | Reached skill level 5 in Conjurations
  9515 | D:6      | Reached skill level 9 in Fire Magic
  9657 | D:6      | Found a glowing drain.
  9674 | Sewer    | Entered a sewer
  9865 | Sewer    | Noticed Pargi
  9869 | Sewer    | Killed Pargi
 10088 | D:6      | Noticed Maggie
 10098 | D:6      | Killed Maggie
 10384 | D:6      | Found a broken altar of Ashenzari.
 10654 | D:6      | Reached skill level 10 in Fire Magic
 10654 | D:6      | Reached XP level 9. HP: 40/45 MP: 15/23
 11645 | D:6      | Found a staircase to the Ecumenical Temple.
 11656 | Temple   | Entered the Ecumenical Temple
 11728 | Temple   | Became a worshipper of Sif Muna the Loreminder
 11835 | D:7      | Noticed Joseph
 12288 | D:7      | Killed Joseph
 12289 | D:7      | Reached skill level 1 in Fighting
 12725 | D:1      | Bought a scroll of identify for 20 gold pieces
 12752 | D:1      | Bought 2 scrolls of identify for 72 gold pieces
 12752 | D:1      | Bought a scroll of identify for 36 gold pieces
 12884 | D:7      | Learned a level 3 spell: Summon Guardian Golem
 13289 | D:7      | Reached skill level 1 in Summonings
 14468 | D:7      | Found a glowing golden altar of the Shining One.
 14686 | D:8      | Reached skill level 1 in Invocations
 14947 | D:8      | Reached * piety under Sif Muna
 14955 | D:8      | Paralysed by a hornet for 3 turns
 14959 | D:8      | Slain by a hornet

Illustrated notes

Levels and vault maps discovered:
D:1:      lemuel_arrival_tunnels, layout_rooms, serial_shops,
          nicolae_shop_stone, shop
D:2:      cheibrodos_greedy_goblins, layout_loops_ring,
          shapermc_ecumenical_altar_mp_ritualfount
D:3:      layout_loops_ring, fedhas_altar_fruit_tree, patterned_corridor
D:4:      layout_loops_corners, lemuel_zombie_altar_yredelemnul,
          gammafunk_temple_overflow_wave, uniq_edmund
D:5:      cheibrodos_two_vegetables, layout_rooms, corexii_checkpoint_a,
          minmay_chambers_of_fives
D:6:      layout_loops_corners, cheibrodos_ashenzari_chains,
          minmay_temple_entry_statues, cheibrodos_sewer_entry_drain, uniq_maggie
D:7:      layout_layer_cave, tso_oasis_becter, uniq_joseph
D:8:      layout_loops_corners, erik_lair_orcish_takeover, uniq_maurice
Temple:   nicolae_temple_god_jail

Skill      XL: |  1  2  3  4  5  6  7  8  9 |
---------------+----------------------------+-----
Fire Magic     | 4 5 6 7 8 10 | 10.9
Spellcasting   | 4 5 6 8 9 |  9.1
Conjurations   | 2 3 4 6 7 |  7.1
Fighting       | 2 |  2.1
Dodging        | 4 |  4.4
Summonings     | 2 |  2.9
Invocations    | 1 |  1.5
Stealth        | |  2.4

Action                   |  1- 3 |  4- 6 |  7- 9 || total
-------------------------+-------+-------+-------++-------
Melee: Dagger            |     4 |     6 |       ||    10
       Flail             |       |       |     3 ||     3
 Cast: Foxfire           |    79 |    36 |   188 ||   303
       Scorch            |    15 |    33 |    97 ||   145
       Inner Flame       |     1 |     3 |     3 ||     7
       Conjure Flame     |       |     6 |     9 ||    15
       Flame Wave        |       |       |     3 ||     3
Evoke: Wand              |       |       |     1 ||     1
  Use: Scroll            |     2 |     4 |    16 ||    22
       Potion            |       |       |     2 ||     2
 Stab: Sleeping          |       |       |     1 ||     1
Armor: Robe              |     4 |     6 |     9 ||    19
       Steam dragon scal |       |       |     6 ||     6
Dodge: Dodged            |    18 |    14 |    38 ||    70
